 Dungeon Crawl Stone Soup version 0.28-a0-1356-g2ad6d04315 (webtiles) character file.

Game seed: 2317351422623419234

111 Vash the Insei (level 4, 0/34 HPs)
             Began as a Gnoll Transmuter on Dec 31, 2021.
             Killed from afar by an orc wizard (8 damage)
             ... with a magic dart
             ... on level 4 of the Dungeon.
             The game lasted 00:05:01 (4277 turns).

Vash the Insei (Gnoll Transmuter)                   Turns: 4277, Time: 00:05:02

Health: 0/34       AC:  3    Str: 11    XL:     4   Next: 92%
Magic:  8/11       EV: 13    Int: 12    God:
Gold:   110        SH:  0    Dex: 13    Spells: 9/13 levels left

rFire   . . .      SeeInvis .     - Unarmed
rCold   . . .      Faith    .   (no shield)
rNeg    + . .      Spirit   .   a - +1 robe
rPois   .          Reflect  .   (no helmet)
rElec   .          Harm     .   (no cloak)
rCorr   .          Rampage  .   (no gloves)
Will    .....                   (no boots)
Stlth   ++........              (no amulet)
HPRegen 0.11/turn               d - ring of positive energy
MPRegen 0.12/turn               (no ring)

@: lethally poisoned (0 -> -7), attractive, very slightly contaminated
A: fangs 1, strong nose, distributed training
a: no special abilities


You were on level 4 of the Dungeon.
You visited 1 branch of the dungeon, and saw 4 of its levels.

You collected 110 gold pieces.

Inventory:

Armour
 a - a +1 robe (worn)
 e - a +0 ring mail
Magical Staves
 f - a staff of conjuration
Jewellery
 d - a ring of positive energy (left hand)
Scrolls
 h - 2 scrolls of identify {unknown}
 j - a scroll of teleportation {unknown}
 k - a scroll of brand weapon {unknown}
 o - 2 scrolls of summoning {unknown}
 p - a scroll of fog {unknown}
 q - 2 scrolls of amnesia {unknown}
Potions
 b - a potion of attraction
 l - a potion of might {unknown}
 n - a potion of brilliance {unknown}


   Skills:
 + Level 2.8 Fighting
 + Level 1.2 Short Blades
 + Level 1.2 Long Blades
 + Level 1.2 Axes
 + Level 1.2 Maces & Flails
 + Level 1.2 Polearms
 + Level 1.2 Staves
 + Level 1.2 Slings
 + Level 1.2 Bows
 + Level 1.2 Crossbows
 + Level 1.2 Throwing
 + Level 1.2 Armour
 + Level 4.7 Dodging
 + Level 1.2 Stealth
 + Level 1.2 Shields
 + Level 6.6 Unarmed Combat
 + Level 5.1 Spellcasting
 + Level 1.0 Conjurations
 + Level 1.0 Hexes
 + Level 1.0 Summonings
 + Level 1.0 Necromancy
 + Level 1.0 Translocations
 + Level 3.9 Transmutations
 + Level 1.0 Fire Magic
 + Level 1.0 Ice Magic
 + Level 1.0 Air Magic
 + Level 1.0 Earth Magic
 + Level 1.0 Poison Magic
 + Level 1.4 Invocations
 + Level 1.2 Evocations


You had 9 spell levels left.
You knew the following spells:

 Your Spells              Type           Power      Damage    Failure   Level
a - Beastly Appendage     Tmut           24%        N/A       4%          1
b - Spider Form           Tmut/Pois      9%         N/A       22%         3

Your spell library contained the following spells:

 Spells                   Type           Power      Damage    Failure   Level
 Wereblood                Tmut           12%        N/A       6%          2
 Magic Dart               Conj           20%        1d4       13%         1
 Call Imp                 Summ           5%         N/A       19%         2
 Ignite Poison            Fire/Tmut/Pois 7%         N/A       26%         3
 Mephitic Cloud           Conj/Pois/Air  5%         N/A       36%         3
 Ice Form                 Ice/Tmut       9%         N/A       56%         4
 Freezing Cloud           Conj/Ice/Air   2%         6-21      98%         5


Dungeon Overview and Level Annotations

Branches:
Dungeon (4/15)
 Temple: D:4-7

Altars:
Kikubaaqudgha


Innate Abilities, Weirdness & Mutations

You have very sharp teeth.
Your uncanny sense of smell can sniff out nearby items.
Your experience applies equally to all skills.


Message History

The orc wizard shouts!
You hear a shout! x2
The orc wizard points at you and mumbles some strange words.
The magic dart hits you!
You hear a shout!
An orc priest comes into view. It is wielding a +0 morningstar.
The orc wizard mumbles some strange words.
The orc wizard flickers and vanishes!
Deactivating autopickup; reactivate with Ctrl-A.
You barely miss the orc.
An orc comes into view. It is wielding a +0 dagger.
Casting: Beastly Appendage (safe; 4% risk of failure)
Confirm with . or Enter, or press ? or * to list all spells.
The spell is quite dangerous to miscast (22% risk of failure)!
Continue anyway?
You miscast Spider Form.
You are very lightly contaminated with residual magic.
Nothing appears to happen.
The orc priest closely misses you.
It was a potion of attraction.
You feel attractive to monsters. The orc priest closely misses you.
Something hits you.
It was a potion of curing.
You feel better. Something hits you.
You are poisoned.
As you read the scroll labelled UTREUR PUIV, it crumbles to dust.
The creatures around you are filled with an inner flame!
It was a scroll of immolation.
You feel very sick.
The orc priest hits you with a +0 morningstar.
Something hits you.
Blink to where?
Press: ? - help, Dir - move target
As you read the scroll labelled BEUROR DAJINN, it crumbles to dust.
It was a scroll of blinking.
* * * LOW HITPOINT WARNING * * *
You feel very sick. Something is attracted toward you.
As you read the scroll labelled SIECEV YHUU, it crumbles to dust.
It is a scroll of enchant armour.
Your +0 robe glows green for a moment.
You feel sick.
A magic dart appears from out of thin air!
The magic dart hits you!
You die...

โˆ† โˆ† โˆ†
##.######
#.....@.#
#.#####.# #{#
#.# #.#
#.#####ยง#
#....ooo###.#
###...<.....#
#..######.#


You could see an orc (inner flame).

Vanquished Creatures
  A hound skeleton (D:4)
  2 adders
  4 worms
  2 dart slugs (D:2)
  4 orcs (D:3)
  4 endoplasms
  4 giant cockroaches
  5 hobgoblins
  2 jackals (D:1)
  5 quokkas
  A ball python (D:1)
  2 bats
  3 frilled lizards (D:1)
  6 goblins
  8 kobolds
  A quokka skeleton (D:2)
  4 rats
58 creatures vanquished.

Notes
Turn   | Place    | Note
-------+----------+-------------------------------------------
     0 | D:1      | Vash the Gnoll Transmuter began the quest for the Orb.
     0 | D:1      | Reached XP level 1. HP: 17/17 MP: 6/6
   396 | D:1      | Reached XP level 2. HP: 23/23 MP: 7/7
   853 | D:1      | Reached XP level 3. HP: 23/28 MP: 9/9
  1002 | D:2      | Reached skill level 5 in Spellcasting
  1012 | D:2      | Found a faded altar of an unknown god.
  1440 | D:2      | Reached skill level 1 in Invocations
  1444 | D:2      | HP: 1/28 [poisoned by an adder]
  1869 | D:2      | Reached skill level 1 in Short Blades
  1869 | D:2      | Reached skill level 1 in Long Blades
  1869 | D:2      | Reached skill level 1 in Axes
  1869 | D:2      | Reached skill level 1 in Maces & Flails
  1869 | D:2      | Reached skill level 1 in Polearms
  1869 | D:2      | Reached skill level 1 in Staves
  1869 | D:2      | Reached skill level 1 in Slings
  1869 | D:2      | Reached skill level 1 in Bows
  1869 | D:2      | Reached skill level 1 in Crossbows
  1869 | D:2      | Reached skill level 1 in Throwing
  1869 | D:2      | Reached skill level 1 in Armour
  1869 | D:2      | Reached skill level 1 in Stealth
  1869 | D:2      | Reached skill level 1 in Shields
  1869 | D:2      | Reached skill level 1 in Evocations
  1939 | D:2      | Reached XP level 4. HP: 20/34 MP: 11/11
  2307 | D:2      | Learned a level 3 spell: Spider Form
  3547 | D:3      | Found an ancient bone altar of Kikubaaqudgha.
  3921 | D:3      | Reached skill level 1 in Conjurations
  3921 | D:3      | Reached skill level 1 in Hexes
  3921 | D:3      | Reached skill level 1 in Summonings
  3921 | D:3      | Reached skill level 1 in Necromancy
  3921 | D:3      | Reached skill level 1 in Translocations
  3921 | D:3      | Reached skill level 1 in Fire Magic
  3921 | D:3      | Reached skill level 1 in Ice Magic
  3921 | D:3      | Reached skill level 1 in Air Magic
  3921 | D:3      | Reached skill level 1 in Earth Magic
  3921 | D:3      | Reached skill level 1 in Poison Magic
  4277 | D:4      | Killed from afar by an orc wizard

Illustrated notes

Levels and vault maps discovered:
D:1:      elethiomel_arrival_quiet, layout_rooms, serial_bayou_pond_d
D:2:      layout_basic, dreamdust_ecumenical_altar_statues, st_stairs_9,
          serial_bayou_pond_e, minmay_cut_off
D:3:      layout_loops_corners, kiku_gazebo_garden_becter
D:4:      layout_loops_ring, minmay_strange_pillars, minmay_vboxes, uniq_robin,
          uniq_blork_the_orc, uniq_menkaure, uniq_eustachio

Skill      XL: |  1  2  3  4 |
---------------+-------------+-----
Spellcasting   | 5 |  5.1
Invocations    | 1 |  1.4
Short Blades   | 1 |  1.2
Long Blades    | 1 |  1.2
Axes           | 1 |  1.2
Maces & Flails | 1 |  1.2
Polearms       | 1 |  1.2
Staves         | 1 |  1.2
Slings         | 1 |  1.2
Bows           | 1 |  1.2
Crossbows      | 1 |  1.2
Throwing       | 1 |  1.2
Armour         | 1 |  1.2
Stealth        | 1 |  1.2
Shields        | 1 |  1.2
Evocations     | 1 |  1.2
Conjurations   | 1 |  1.0
Hexes          | 1 |  1.0
Summonings     | 1 |  1.0
Necromancy     | 1 |  1.0
Translocations | 1 |  1.0
Fire Magic     | 1 |  1.0
Ice Magic      | 1 |  1.0
Air Magic      | 1 |  1.0
Earth Magic    | 1 |  1.0
Poison Magic   | 1 |  1.0
Fighting       | |  2.8
Dodging        | |  4.7
Unarmed Combat | |  6.6
Transmutations | |  3.9

Action                   |  1- 3 |  4- 6 || total
-------------------------+-------+-------++-------
Melee: Unarmed           |   113 |    62 ||   175
       Bite              |     6 |     3 ||     9
       Headbutt          |     7 |     5 ||    12
       Kick              |     9 |     3 ||    12
       Punch             |     1 |       ||     1
 Cast: Beastly Appendage |     8 |     5 ||    13
       Spider Form       |       |     1 ||     1
  Use: Scroll            |       |     3 ||     3
       Potion            |       |     2 ||     2
 Stab: Sleeping          |     1 |     1 ||     2
Armor: Robe              |    19 |     5 ||    24
Dodge: Dodged            |    64 |    34 ||    98

Table legend: (Time is in decaauts)
 A = Elapsed time spent in this place.
 B = Non-inter-level travel time spent in this place.
 C = Inter-level travel time spent in this place.
 D = Time resting spent in this place.
 E = Time spent auto-exploring this place.
 F = Levels seen in this place.
 G = Mean time per level.
                   A        B        C        D        E       F      G
               +--------+--------+--------+--------+--------+-----+--------+
         Total |   4258 |   4019 |    239 |   1422 |   2094 |   4 | 1064.5 |
       Dungeon |   4258 |   4019 |    239 |   1422 |   2094 |   4 | 1064.5 |
               +--------+--------+--------+--------+--------+-----+--------+

Top non-repeatable levels by time:
     D:2: 1874 daAuts
     D:3: 1415 daAuts
     D:1: 924 daAuts
     D:4: 44 daAuts
